 Dungeon Crawl Stone Soup version 0.31-a0-431-g88bdf31460 (webtiles) character file.

Game seed: 7496996060271996261

16763 floatRand the Brawler (level 12, -5/83 HPs)
             Began as a Pale Draconian Shapeshifter on July 31, 2023.
             Was a Priest of Wu Jian.
             Slain by a minotaur (6 damage)
             ... in a Gauntlet.
             The game lasted 00:18:40 (13554 turns).

floatRand the Brawler (DrSh)                       Turns: 13554, Time: 00:18:41

Health: -5/83      AC: 12    Str: 18    XL:     12   Next: 12%
Magic:  12/12      EV: 14    Int: 11    God:    Wu Jian [***...]
Gold:   772        SH:  5    Dex: 17    Spells: 11/11 levels left

rFire   + .          .
                       - Unarmed
rCold   . . .        (no shield)
rNeg    . . .        (body armour unavailable)
rPois   +            (helmet currently unavailable)
rElec   +            (cloak currently unavailable)
rCorr   .            (gloves currently unavailable)
SInv    .            (boots currently unavailable)
Will    .....        s - amulet of reflection
Stlth   +++          w - +4 ring of protection
HPRegen 0.33/turn    A - ring of Ceygowk {rElec rPois rF+ Int+3}
MPRegen 0.13/turn

%: no teleportation, reflection
@: mighty, beast-form, hasted, very quick
A: beast (slay +7), breathe steam, AC +8, unfitting armour, cold-blooded, steam
resistance
a: Breathe Steam, Begin Untransformation, Renounce Religion, Wall Jump,
Serpent's Lash


You were in a Gauntlet.
You worshipped Wu Jian.
Wu Jian was most pleased with you.
You were a hulking beast.
You visited 2 branches of the dungeon, and saw 12 of its levels.
You also visited: Gauntlet.

You collected 772 gold pieces.

Inventory:

Armour
 h - a +1 pair of boots
 q - a +0 pair of gloves
 r - a +0 cloak
Jewellery
 d - a ring of fire
 o - a ring of wizardry
 s - an amulet of reflection (around neck)
 u - the ring of Gedit {*Slow Fly rPois Str+6 Int+3}
   (You found it on level 5 of the Dungeon)

   [ring of strength]

   Str:       It affects your strength (+6).
   Int:       It affects your intelligence (+3).
   rPois:     It protects you from poison.
   Fly:       It grants you flight.
   *Slow:     It may slow you when you take damage.
 w - a +4 ring of protection (left hand)
 x - a ring of poison resistance
 A - the ring of Ceygowk (right hand) {rElec rPois rF+ Int+3}
   (You found it in a Gauntlet)

   [ring of protection from fire]

   Int:       It affects your intelligence (+3).
   rF:        It protects you from fire.
   rElec:     It insulates you from electricity.
   rPois:     It protects you from poison.
Talismans
 b - a beast talisman (active)
Wands
 g - a wand of polymorph (19)
 j - a wand of iceblast (19)
 p - a wand of digging (5)
 t - a wand of quicksilver (5)
 y - a wand of paralysis (12)
 z - a wand of flame (6)
Scrolls
 a - 6 scrolls of identify
 c - 6 scrolls of teleportation
 i - a scroll of fear
 k - a scroll of poison
 m - 7 scrolls of immolation
 n - 2 scrolls of enchant weapon
 v - 5 scrolls of amnesia
Potions
 e - 6 potions of curing
Miscellaneous
 B - a sack of spiders (inert)


   Skills:
 - Level 1.1 Fighting
 + Level 4.0 Dodging
 + Level 3.8 Stealth
 * Level 15.3 Unarmed Combat
 * Level 10.4 Shapeshifting


You had 11 spell levels left.
You didn't know any spells.
Your spell library contained the following spells:

 Spells                   Type           Power      Damage    Failure   Level
 Foxfire                  Conj/Fire      0%         2x1d4     34%         1
 Sandblast                Erth           0%         2d4       34%         1
 Passwall                 Tmut/Erth      0%         N/A       47%         2
 Frozen Ramparts          Ice            0%         1d1       71%         3
 Stone Arrow              Conj/Erth      0%         3d7       71%         3
 Anguish                  Hex/Necr       0%         N/A       98%         4
 Cause Fear               Hex            0%         N/A       98%         4
 Petrify                  Tmut/Erth      0%         N/A       98%         4
 Metabolic Englaciation   Hex/Ice        0%         N/A       100%        5
 Plasma Beam              Fire/Air       0%         2x1d10    100%        6
 Starburst                Conj/Fire      0%         6d3       100%        6
 Enfeeble                 Hex            0%         N/A       100%        7
 Haunt                    Necr/Summ      0%         N/A       100%        7
 Borgnjor's Revivificati  Necr           0%         N/A       100%        8
 Death's Door             Necr           0%         N/A       100%        9


Dungeon Overview and Level Annotations

Branches:
Dungeon (11/15)            Temple (1/1) D:7            Lair (0/5) D:8
Gauntlet (1/1)
    Orc: D:9-12

Altars:
Ashenzari
Cheibriados
Dithmenos
Elyvilon
Fedhas
Gozag
Hepliaklqana
Kikubaaqudgha
Makhleb
Nemelex Xobeh
Okawaru
Qazlal
Ru
Sif Muna
Trog
Uskayaw
Vehumet
Wu Jian
Xom
Yredelemnul
Zin
The Shining One

Annotations:
D:1 1 transporter
D:11 3 runed translucent doors, Harold Gauntlet 10 transporters, 21 runed translucent doors


Innate Abilities, Weirdness & Mutations

You are a hulking beast.
Your limbs bulge with bestial killing power. (Slay +7)
You can breathe blasts of scalding, opaque steam.
Your pale cyan-grey scales are hard. (AC +8)
You cannot fit into any form of body armour.
You are cold-blooded and may be slowed by cold attacks.
You are immune to the effects of steam.


Message History

Your scorpion's corpse disappears in a puff of smoke!
Unknown command.
Your scorpion stings the minotaur but does no damage.
You feel yourself speed up. The minotaur hits your scorpion!!
Your scorpion dies!
Your scorpion's corpse disappears in a puff of smoke!
You feel very mighty all of a sudden.
The minotaur throws a silver javelin.
The silver javelin pierces through you!!
Unknown command.
You punch the minotaur! You punch the minotaur.
The minotaur is moderately wounded.
The minotaur hits you! The minotaur gores you!
Unknown command.
Okay, then.
You punch the minotaur!
The minotaur is heavily wounded.
Unknown command.
You punch the minotaur!
The minotaur is severely wounded.
The minotaur hits you!!
* * * LOW HITPOINT WARNING * * *
The minotaur gores you but does no damage.
Okay, then.
You hit the minotaur.
You tail-slap the minotaur, but do no damage.
The minotaur is severely wounded.
You hit the minotaur.
The minotaur is severely wounded.
The minotaur hits you!!
* * * LOW HITPOINT WARNING * * *
You block the minotaur's attack.
Unknown command.
You barely miss the minotaur.
You punch the minotaur, but do no damage.
The minotaur is severely wounded.
You punch the minotaur!
The minotaur is almost dead.
The minotaur hits you.
You die...

# ## #. ∩# .# H# # . .# #.
#. .# #.##.###'#.##.#
#........s.....
###.##H##.##.##
###.##h##.##.##
#...............
##.##.##.##.##.#
###.##.##.##.##.###
#≈§..............≈# ###
#8.8.8.8.8.8.8.8.8# #8#
#≈...............≈#
##########.#########.#####
#≈.......#.#..§∩≈..#.#....


You could see a minotaur.

Vanquished Creatures
  A quicksilver ooze (Gauntlet)
  Erica (D:9)
  A two-headed ogre (D:8)
  A death yak (D:10)
  2 tengu warriors (D:10)
  A cyclops (D:11)
  A guardian serpent (D:11)
  Maggie (D:9)
  3 efreet
  Psyche (D:9)
  2 trolls
  Grinder (D:5)
  2 shadows (Gauntlet)
  3 wraiths
  4 wyverns (D:8)
  17 yaks (D:10)
  A fire elemental (Gauntlet)
  Grum (D:11)
  3 vampire mosquitoes (D:10)
  An acid dragon (D:8)
  2 hell hounds (Gauntlet)
  Duvessa (D:7)
  5 water moccasins (D:8)
  4 sky beasts
  3 orc warriors
  3 ogres
  2 black bears (D:8)
  2 ice beasts
  6 wolves
  3 centaurs
  2 phantoms
  2 kobold brigands
  2 bullfrogs
  2 scorpions
  12 wights
  Dowan (D:7)
  11 killer bees
  8 howler monkeys
  2 electric eels (D:10)
  A jelly (D:6)
  3 hounds
  A gnoll bouda (D:5)
  7 iguanas
  Ijyb (D:4)
  8 orc wizards
  2 sleepcaps
  3 hell rats (D:7)
  16 gnolls
  5 river rats (D:7)
  12 adders
  2 shadow imps
  2 white imps
  2 ufetubi
  2 dart slugs
  23 orcs
  8 ball pythons
  3 bats
  10 endoplasms
  4 giant cockroaches
  32 goblins
  25 hobgoblins
  11 jackals
  8 quokkas
  2 frilled lizards (D:1)
  21 kobolds
  20 rats
  A spectral orc (D:7)
356 creatures vanquished.

Notes
Turn   | Place    | Note
-------+----------+-------------------------------------------
     0 | D:1      | floatRand the Draconian Shapeshifter began the quest for
                  | the Orb.
     0 | D:1      | Reached XP level 1. HP: 16/16 MP: 1/1
   137 | D:1      | Reached XP level 2. HP: 12/23 MP: 2/2
   716 | D:1      | Reached XP level 3. HP: 28/28 MP: 3/3
   886 | D:1      | Reached skill level 4 in Unarmed Combat
  1250 | D:2      | Found a faded altar of an unknown god.
  1694 | D:2      | Reached XP level 4. HP: 33/35 MP: 4/4
  1953 | D:3      | Found a burning altar of Makhleb.
  1954 | D:3      | Found a hide-covered altar of Uskayaw.
  1956 | D:3      | Found a shadowy altar of Dithmenos.
  1956 | D:3      | Found an opulent altar of Gozag.
  2452 | D:3      | Reached skill level 5 in Unarmed Combat
  2452 | D:3      | Reached XP level 5. HP: 27/40 MP: 5/5
  2733 | D:3      | Noticed an ogre
  2747 | D:3      | Killed an ogre
  2748 | D:3      | Reached XP level 6. HP: 47/47 MP: 6/6
  2864 | D:3      | Reached skill level 6 in Unarmed Combat
  3805 | D:4      | Found a glowing golden altar of the Shining One.
  3814 | D:4      | Noticed Ijyb
  4253 | D:4      | Killed Ijyb
  4254 | D:4      | Your scales start taking on a pale cyan-grey colour.
  4254 | D:4      | Reached XP level 7. HP: 52/52 MP: 7/7
  4254 | D:4      | Gained mutation: You are immune to the effects of steam.
                  | [Pale Draconian growth]
  4359 | D:5      | Entered Level 5 of the Dungeon
  4359 | D:5      | Found the +5 Force Lance {heavy, knockback}
  4379 | D:4      | Reached skill level 7 in Unarmed Combat
  4524 | D:5      | Found a stormy altar of Qazlal.
  4638 | D:5      | Reached skill level 5 in Shapeshifting
  4741 | D:5      | Reached skill level 8 in Unarmed Combat
  4763 | D:5      | Reached XP level 8. HP: 30/59 MP: 8/8
  4902 | D:5      | Identified the ring of Gedit {*Slow Fly rPois Str+6 Int+3}
  4946 | D:5      | Noticed Grinder
  4955 | D:5      | Paralysed by Grinder for 5 turns
  4966 | D:5      | Killed Grinder
  4989 | D:5      | Reached skill level 9 in Unarmed Combat
  5221 | D:5      | Found a hazy altar of Hepliaklqana.
  5371 | D:5      | Found an ancient bone altar of Kikubaaqudgha.
  6240 | D:6      | Reached skill level 10 in Unarmed Combat
  6273 | D:6      | Reached XP level 9. HP: 64/64 MP: 9/9
  7074 | D:7      | Noticed Duvessa
  7074 | D:7      | Noticed Dowan
  7081 | D:7      | Killed Dowan
  7083 | D:7      | Killed Duvessa
  7333 | D:7      | Reached skill level 11 in Unarmed Combat
  7591 | D:7      | Found a staircase to the Ecumenical Temple.
  7719 | Temple   | Entered the Ecumenical Temple
  7734 | Temple   | Became a worshipper of the Wu Jian Council
  7930 | D:7      | Found a basalt altar of Yredelemnul.
  7987 | D:8      | Found an iron altar of Okawaru.
  8059 | D:8      | Reached skill level 12 in Unarmed Combat
  8126 | D:8      | Reached XP level 10. HP: 56/71 MP: 10/10
  8179 | D:8      | Found a staircase to the Lair.
  8395 | D:8      | Reached * piety under Wu Jian
  8755 | D:8      | Reached skill level 13 in Unarmed Combat
  9191 | D:8      | Found a sacrificial altar of Ru.
  9211 | D:8      | Noticed a two-headed ogre
  9237 | D:8      | Killed a two-headed ogre
  9504 | D:9      | Reached ** piety under Wu Jian
  9683 | D:9      | Noticed Psyche
  9684 | D:9      | Noticed Erica
  9747 | D:9      | Killed Psyche
  9946 | D:9      | Noticed Maggie
  9960 | D:9      | Reached skill level 14 in Unarmed Combat
  9971 | D:9      | Killed Maggie
  9972 | D:9      | Reached XP level 11. HP: 56/72 MP: 11/11
 10550 | D:9      | Killed Erica
 10602 | D:10     | Entered Level 10 of the Dungeon
 10683 | D:10     | Reached skill level 1 in Stealth
 10759 | D:10     | Noticed a tengu warrior
 10783 | D:10     | Noticed a tengu warrior
 10808 | D:10     | Killed a tengu warrior
 10810 | D:10     | Killed a tengu warrior
 11126 | D:10     | Noticed a death yak
 11153 | D:10     | Killed a death yak
 12001 | D:10     | Reached skill level 15 in Unarmed Combat
 12001 | D:10     | Reached skill level 10 in Shapeshifting
 12488 | D:11     | Noticed Grum
 12503 | D:11     | Killed Grum
 12503 | D:11     | Reached *** piety under Wu Jian
 12559 | D:11     | Noticed Harold
 12559 | D:11     | Noticed a tengu warrior
 12589 | D:11     | Found a runed translucent gate.
 12590 | D:11     | Found a runed translucent gate.
 12591 | D:11     | Found a runed translucent gate.
 12592 | D:11     | Noticed a death yak
 12592 | D:11     | Noticed a death yak
 12617 | D:11     | Found a gate leading to a gauntlet.
 12626 | Gauntlet | Entered a Gauntlet
 12626 | Gauntlet | Found a transporter.
 12626 | Gauntlet | Found a transporter.
 12684 | Gauntlet | Found a transporter.
 12699 | Gauntlet | Found a transporter.
 12701 | Gauntlet | Found a large runed translucent door.
 12701 | Gauntlet | Found a large runed translucent door.
 12702 | Gauntlet | Found a large runed translucent door.
 12702 | Gauntlet | Found a large runed translucent door.
 12703 | Gauntlet | Found a large runed translucent door.
 12703 | Gauntlet | Found a large runed translucent door.
 12703 | Gauntlet | Found a runed translucent door.
 12703 | Gauntlet | Found a runed translucent door.
 12703 | Gauntlet | Found a large runed translucent door.
 12703 | Gauntlet | Found a large runed translucent door.
 12704 | Gauntlet | Found a large runed translucent door.
 12704 | Gauntlet | Found a large runed translucent door.
 12709 | Gauntlet | Found a large runed translucent door.
 12709 | Gauntlet | Found a large runed translucent door.
 12711 | Gauntlet | Found a large runed translucent door.
 12711 | Gauntlet | Found a large runed translucent door.
 12712 | Gauntlet | Found a runed translucent gate.
 12712 | Gauntlet | Found a runed translucent gate.
 12712 | Gauntlet | Found a runed translucent gate.
 12714 | Gauntlet | Found a transporter.
 12714 | Gauntlet | Noticed a green death
 12717 | Gauntlet | Found the amulet of the Air {Inacc Air Fly rElec RMsl}
 12724 | Gauntlet | Found a large runed translucent door.
 12725 | Gauntlet | Found a large runed translucent door.
 12728 | Gauntlet | Found a transporter.
 12738 | Gauntlet | Noticed a quicksilver ooze
 12824 | Gauntlet | Found a transporter.
 12826 | Gauntlet | Noticed a quicksilver ooze
 12828 | Gauntlet | Found a transporter.
 12843 | Gauntlet | Found a transporter.
 12861 | Gauntlet | Found a transporter.
 12866 | Gauntlet | Found a transporter.
 12870 | Gauntlet | Found a transporter.
 12874 | Gauntlet | Found a transporter.
 12878 | Gauntlet | Noticed a wretched star
 12903 | Gauntlet | Found a transporter.
 12964 | Gauntlet | Found a transporter.
 12977 | Gauntlet | Noticed a dire elephant
 12980 | Gauntlet | Found a transporter.
 13066 | Gauntlet | Reached XP level 12. HP: 83/83 MP: 12/12
 13379 | Gauntlet | Killed a quicksilver ooze
 13427 | Gauntlet | Identified the ring of Ceygowk {rElec rPois rF+ Int+3}
 13533 | Gauntlet | Noticed a minotaur
 13552 | Gauntlet | HP: 1/83 [minotaur (18)]
 13554 | Gauntlet | Slain by a minotaur

Illustrated notes

Levels and vault maps discovered:
D:1:      spicycebolla_arrival_risky_transporter, layout_loops_corners,
          minmay_tripent
D:2:      layout_basic, basic_ecumenical_altar, nrook_mini_vaults
D:3:      minmay_goblin_kobold_castle, layout_basic,
          mainiacjoe_overflow_alcove_3
D:4:      layout_basic, mainiacjoe_overflow_small_starburst, uniq_ijyb
D:5:      layout_gridville, lemuel_round_altar, mainiacjoe_overflow_alcove_4,
          lemuel_coloured_pillars_altar, serial_rivers,
          chequers_serial_rivers_micro_a, chequers_serial_rivers_micro_c,
          chequers_serial_rivers_large_a, chequers_serial_rivers_micro_d,
          chequers_serial_rivers_micro_a, chequers_serial_rivers_room_a,
          minmay_joined_circles, uniq_grinder
D:6:      layout_layer_cave
D:7:      lemuel_ratsnest, layout_loops_ring,
          yredelemnul_forgotten_temple_becter, temple_green, dk_noncrumbling_2,
          uniq_duvessa
D:8:      layout_basic, mainiacjoe_overflow_surrounded_room,
          nicolae_ru_great_annihilating_truth, minmay_lair_entry_grove,
          minmay_three_doors
D:9:      layout_basic, uniq_erica, uniq_psyche, uniq_maggie
D:10:     argonaut_augean_stables, layout_irregular_city, st_stairs_5,
          chequers_jeans
D:11:     lemuel_bear_cage, layout_basic, serial_glass, glass_columns_a,
          glass_columns_c, glass_columns_b, glass_columns_b, item_on_display_a,
          gauntlet_entry_generic, nrook_guardian_serpent_ordinary, uniq_harold,
          uniq_grum, uniq_fannar
Temple:   hellmonk_temple_of_storms
Gauntlet: gammafunk_gauntlet_branching [gammafunk_gauntlet_arena_arrow_garden,
          nicolae_gauntlet_arena_quarters, gammafunk_gauntlet_arena_corners,
          nicolae_gauntlet_arena_blocks, gammafunk_gauntlet_arena_hedges,
          minmay_gauntlet_arena_make_your_own_arena,
          gammafunk_gauntlet_arena_split_diamond,
          gammafunk_gauntlet_arena_spirals, gauntlet_exit_green]

Skill      XL: |  1  2  3  4  5  6  7  8  9 10 11 12 |
---------------+-------------------------------------+-----
Unarmed Combat | 4 5 6 8 10 12 14 15 | 15.3
Shapeshifting  | 4 5 6 7 8 10 | 10.4
Dodging        | 3 4 |  4.0
Stealth        | 3 |  3.8
Fighting       | |  1.1

Action                     |  1- 3 |  4- 6 |  7- 9 | 10-12 || total
---------------------------+-------+-------+-------+-------++-------
  Melee: Unarmed           |   108 |   241 |   222 |   261 ||   832
         Tailslap          |    14 |    23 |    26 |    52 ||   115
         Punch             |       |     6 |    11 |    29 ||    46
Ability: Breathe Steam     |       |       |    41 |    45 ||    86
         Lunge             |       |       |     4 |    19 ||    23
         Whirlwind         |       |       |       |    28 ||    28
  Evoke: Wand              |       |     3 |       |     1 ||     4
    Use: Potion            |       |     1 |       |     3 ||     4
         Scroll            |       |     3 |    12 |     1 ||    16
   Stab: Sleeping          |     1 |     2 |       |     1 ||     4
         Distracted        |       |     1 |       |     1 ||     2
         Paralysed         |       |       |       |     1 ||     1
 Armour: Skin              |    44 |    79 |    59 |    43 ||   225
  Dodge: Dodged            |    64 |   178 |    99 |    86 ||   427
  Block: Other             |       |       |    45 |    39 ||    84
         Reflection        |       |       |     1 |       ||     1

Table legend: (Time is in decaauts)
 A = Elapsed time spent in this place.
 B = Non-inter-level travel time spent in this place.
 C = Inter-level travel time spent in this place.
 D = Time resting spent in this place.
 E = Time spent auto-exploring this place.
 F = Levels seen in this place.
 G = Mean time per level.
                   A        B        C        D        E       F      G
               +--------+--------+--------+--------+--------+-----+--------+
         Total |  13463 |  13129 |    334 |   2323 |   7338 |  13 | 1035.6 |
       Dungeon |  12517 |  12199 |    318 |   1951 |   7338 |  11 | 1137.9 |
        Temple |     30 |     15 |     15 |      0 |      0 |   1 |   30.0 |
      Gauntlet |    915 |    915 |      0 |    372 |      0 |   1 |  915.0 |
               +--------+--------+--------+--------+--------+-----+--------+

Top non-repeatable levels by time:
     D:3: 1678 daAuts
    D:10: 1630 daAuts
     D:8: 1535 daAuts
     D:6: 1242 daAuts
     D:5: 1221 daAuts
     D:1: 1149 daAuts
     D:9: 1068 daAuts
     D:7: 1054 daAuts
Gauntlet: 915 daAuts
     D:4: 893 daAuts
     D:2: 671 daAuts
    D:11: 371 daAuts
  Temple: 30 daAuts
